Cogmind - Beta 15 @@@ ROGUE MODE // 2025.05.31 @ 18:25:09 Player: BionicBot Result: Destroyed by H-66 Slayer with Gauss Rifle Performance ------------- Evolutions (6) 3000 Regions Visited (23) 4600 Robots Destroyed (231) 1155 Value Destroyed (8078) 8078 Prototype IDs (22) 440 Alien Tech Used (0) 0 Bonus (3744) 3744 TOTAL SCORE: 21017 Bonus ------- High Alert Combat Kills 256 Follower Combat Kills 1984 Network Hubs Disabled 200 Met Data Miner 300 Built Enhanced Grunts 300 A7 Reached Mainframe 300 Met R17 at Cetus 500 Friendly Fire -96 Cogmind --------- Core Integrity 0/1150 Matter 300/300 Energy 99/100 System Corruption 22% Temperature Cool (0) Movement Core (50) Location -4/Upper Caves Parts ------- > --- POWER (1) -------- (None) > --- PROPULSION (6) --- (None) > --- UTILITY (10) ----- Makeshift Salvage Targeting Computer Makeshift System Shield > --- WEAPON (2) ------- (None) > --- INVENTORY (5) ---- Reinforced Deuterium Engine Neutrino Core Advanced Thermal Generator Centrium Medium Armor Plating Battle Rifle Peak State ------------ > --- POWER ------------ Quantum Reactor > --- PROPULSION ------- Centrium Heavy Treads Centrium Heavy Treads Centrium Heavy Treads > --- UTILITY ---------- Huge Storage Unit Advanced Visual Processing Unit Advanced Signal Interpreter Improved Terrain Scan Processor 0b10 Decoder Chip [Scout] Improved Salvage Targeting Computer Advanced Targeting Computer Centrium Medium Armor Plating Centrium Medium Armor Plating High-powered Tractor Beam > --- WEAPON ----------- Advanced KE Penetrator Advanced KE Penetrator > --- INVENTORY -------- Antimatter Reactor Light Antimatter Reactor Centrium Heavy Treads Centrium Heavy Treads Improved Sensor Array Improved Weapon Cycler Centrium Medium Armor Plating Centrium Medium Armor Plating Improved Hacking Suite Makeshift System Shield Mobile Refinery Mk. CCLXVII Hacking Drone Bay Gauss Rifle Advanced KE Penetrator Heavy Missile Launcher Advanced Datajack Plasma Cutter Phasing Sabre [Rating: 137] Favorites ----------- Power Heavy Ion Engine Engine Heavy Ion Engine Power Core Neutrino Core Reactor Quantum Reactor Propulsion Armored Treads Treads Armored Treads Wheel Compact Wheel Flight Unit Cesium-ion Thruster Utility Huge Storage Unit Device High-powered Tractor Beam Storage Huge Storage Unit Processor Advanced Targeting Computer Hackware Makeshift System Shield Protection Medium Reactive Plating Weapon Enhanced Autogun Energy Gun Medium Laser Ballistic Gun Enhanced Autogun Launcher Heavy Missile Launcher Special Weapon Plasma Cutter Impact Weapon Heavy Mace Slashing Weapon Phasing Sabre Special Melee Weapon Datajack Build | -11 -10 -10 -9 -9 -8 -7 -7 -7 -7 -6 -6 -6 -6 -6 -5 -5 -5 -5 -5 -5 -4 -4 -4 ------- Run | Yrd Mat Min Mat Min Mat Fac Low Low Dat Pro Fac Low Low Zio Pro Fac Ext Cet Arc Hub Fac Upp Upp Slots Evolved 12 | . . . 2 . 2 2 . . . . 2 . . . . 2 . . . . 2 . . Power . | . . . . . . . . . . . . . . . . . . . . . . . . Propulsion 4 | . . . 1 . 1 . . . . . . . . . . . . . . . 2 . . Utility 8 | . . . 1 . 1 2 . . . . 2 . . . . 2 . . . . . . . Weapon . | . . . . . . . . . . . . . . . . . . . . . . . . Parts Attached 150 | 9 1 . 13 1 19 9 2 3 1 11 4 . 1 5 . 23 18 9 3 7 8 3 . Power 14 | 1 . . 1 . 2 . . . . 1 1 . 1 . . 2 . 3 . 1 . 1 . Engine 8 | 1 . . 1 . 2 . . . . 1 1 . 1 . . . . . . . . 1 . Core 2 | . . . . . . . . . . . . . . . . 2 . . . . . . . Reactor 4 | . . . . . . . . . . . . . . . . . . 3 . 1 . . . Propulsion 39 | 2 . . 4 . 4 . . 2 . 4 . . . 2 . 5 9 2 . 2 3 . . Treads 36 | 2 . . 4 . 4 . . 2 . 4 . . . 2 . 5 8 2 . 2 1 . . Leg . | . . . . . . . . . . . . . . . . . . . . . . . . Wheel 1 | . . . . . . . . . . . . . . . . . 1 . . . . . . Hover . | . . . . . . . . . . . . . . . . . . . . . . . . Flight 2 | . . . . . . . . . . . . . . . . . . . . . 2 . . Utility 62 | 4 1 . 2 1 7 6 1 1 . 4 3 . . 2 . 12 7 3 . 2 4 2 . Device 26 | 3 . . 1 1 3 4 . . . 1 2 . . 1 . 6 1 . . . 2 1 . Storage 3 | 1 . . 1 . 1 . . . . . . . . . . . . . . . . . . Processor 12 | . . . . . 1 1 . 1 . . 1 . . . . 5 2 . . . . 1 . Hackware 1 | . . . . . . . . . . . . . . . . . . . . . 1 . . Protection 20 | . 1 . . . 2 1 1 . . 3 . . . 1 . 1 4 3 . 2 1 . . Artifact . | . . . . . . . . . . . . . . . . . . . . . . . . Weapon 35 | 2 . . 6 . 6 3 1 . 1 2 . . . 1 . 4 2 1 3 2 1 . . Energy Gun 2 | 1 . . 1 . . . . . . . . . . . . . . . . . . . . Energy Cannon . | . . . . . . . . . . . . . . . . . . . . . . . . Ballistic Gun 24 | 1 . . 2 . 6 2 . . . 2 . . . . . 4 1 . 3 2 1 . . Ballistic Cannon . | . . . . . . . . . . . . . . . . . . . . . . . . Launcher 3 | . . . 1 . . . . . 1 . . . . . . . 1 . . . . . . Special Weapon 1 | . . . . . . . . . . . . . . . . . . 1 . . . . . Impact Weapon 1 | . . . . . . 1 . . . . . . . . . . . . . . . . . Slashing Weapon 3 | . . . 2 . . . . . . . . . . 1 . . . . . . . . . Piercing Weapon . | . . . . . . . . . . . . . . . . . . . . . . . . Special Melee Weapon 1 | . . . . . . . 1 . . . . . . . . . . . . . . . . Unidentified Prototypes 8 | . . . . . 3 . . . . . . . . 1 . 1 . 2 . 1 . . . Corrupted Parts 10 | . . . . . . . . . . 2 . . . . . . . 2 . 5 1 . . System Corruption 93 | . . . . . . . . . . 22 . . . . . . . 21 . 41 9 . . Parts Lost 77 | . 1 . 6 1 4 . 1 2 . 11 4 . . . 3 14 13 3 1 4 6 1 2 Power 7 | . . . 1 . . . . . . 1 . . . . 1 2 . 1 . 1 . . . Propulsion 24 | . . . 2 . . . . 1 . 3 2 . . . . 4 9 . . . 1 1 1 Utility 29 | . 1 . . 1 3 . 1 1 . 5 1 . . . 2 4 4 2 . 1 3 . . Weapon 17 | . . . 3 . 1 . . . . 2 1 . . . . 4 . . 1 2 2 . 1 Highest Loss Streak 6 | . 1 . 6 1 1 . 1 2 . 6 2 . . . 2 4 4 3 1 3 4 1 2 To Critical Strikes 3 | . . . . . . . . . . . . . . . . . 3 . . . . . . Average Backups 19 | . 1 3 9 15 22 24 22 21 23 13 14 19 22 24 24 22 23 22 21 21 16 2 5 Power . | . . . . . . 1 1 1 1 . . 1 1 1 . . 1 1 1 . 1 . 2 Propulsion 3 | . . . . 2 2 3 3 2 3 . 2 7 8 8 7 5 3 1 3 3 1 . . Utility 8 | . 1 2 5 7 8 10 10 9 10 5 5 5 7 8 10 7 10 9 10 10 7 1 2 Weapon 5 | . . 1 2 3 7 7 6 6 7 4 3 3 4 4 5 6 7 8 5 5 3 . 1 Tool/Special . | . . . . . . . . . . . . . . . . . . . . . . . . Unused Backups 34 | . . . 2 . 11 4 . . . . . . . 2 . . 1 7 . 1 4 . 2 Power 6 | . . . . . 1 . . . . . . . . . . . . 2 . . 2 . 1 Propulsion 3 | . . . . . 1 . . . . . . . . 1 . . 1 . . . . . . Utility 16 | . . . 2 . 6 3 . . . . . . . 1 . . . 2 . 1 1 . . Weapon 8 | . . . . . 3 1 . . . . . . . . . . . 3 . . . . 1 Tool/Special 1 | . . . . . . . . . . . . . . . . . . . . . 1 . . Average Slot Usage (%) 94 | . 93 100 89 93 97 98 99 99 89 98 99 97 93 97 89 97 96 91 88 87 79 29 20 Engine 5 | . 14 14 10 11 8 7 7 7 7 7 6 6 6 6 6 2 . . . . . 4 . Treads 25 | . 28 28 25 33 35 29 30 29 30 29 25 26 26 26 26 22 21 10 11 11 14 . . Device 13 | . 5 . 10 4 9 13 15 15 15 14 20 26 26 22 20 18 10 . . 5 6 . . Storage 6 | . 14 14 11 11 9 7 7 7 7 7 6 6 6 6 6 5 5 5 5 5 4 . . Processor 17 | . . . . . 5 15 15 14 15 15 19 20 20 20 9 28 31 35 35 35 29 3 5 Protection 6 | . 2 14 11 11 11 7 6 7 7 7 4 . . 3 6 3 6 15 17 10 7 . . Ballistic Gun 11 | . 14 14 15 21 17 14 14 15 . 11 11 7 . 6 2 8 10 10 11 8 9 . . Peak Build Rating 137 | 9 7 8 14 14 40 48 45 45 41 47 54 54 51 59 58 82 80 120 126 123 137 43 19 Average Rating 53 | 6 6 7 12 13 34 44 44 44 38 43 51 52 51 56 52 71 71 102 124 120 126 34 18 On Entrance 46 | . 7 7 8 14 14 40 45 45 38 41 47 52 51 51 58 49 80 68 120 126 117 22 19 Naked Turns 1 | . . . . . . . . . . . . . . . . . . . . . 1 . . Heaviest Build 133 | 15 15 15 35 35 104 119 116 116 117 116 101 101 101 107 108 118 127 129 133 131 127 19 4 Greatest Support 240 | 40 40 40 60 60 80 80 80 80 80 104 104 96 96 96 96 116 116 160 160 160 240 20 5 Greatest Overweight (x) 8 | . . . 5 . 1 1 1 1 1 1 1 1 1 1 1 1 7 8 . 1 . . 1 Average Overweight (x) . | . . . . . . 1 1 1 1 . . 1 1 1 1 . 1 1 . . . . . Largest Inventory Capacity 25 | 8 8 8 15 15 25 25 25 25 25 25 25 25 25 25 25 25 25 25 25 25 25 5 5 Average Capacity 23 | 7 8 8 13 15 24 25 25 25 25 25 25 25 25 25 25 25 25 25 25 25 23 5 5 Most Carried 25 | 2 2 5 15 15 25 25 23 24 24 23 17 22 23 25 25 25 25 25 25 25 20 5 5 Average Carried 20 | . 1 4 9 14 22 24 22 21 23 13 14 19 22 24 24 22 24 24 24 24 18 3 5 Final Capacity 25 | 8 8 8 15 15 25 25 25 25 25 25 25 25 25 25 25 25 25 25 25 25 5 5 5 Final Carried 25 | 1 2 5 15 15 25 23 22 24 23 13 16 22 23 25 24 24 24 25 25 22 2 5 5 Class Distribution -------------------- 55% | Mutant 17% | Skirmisher 12% | Scavenger-Mutant 6% | Scavenger-Skirmisher 4% | Assassin Dominant Class ---------------- Mutant | -10/Materials Mutant | -10/Mines Scavenger-Mutant | -9/Materials Scavenger-Mutant | -9/Mines Mutant | -8/Materials Mutant | -7/Factory Mutant | -7/Lower Caves Mutant | -7/Lower Caves Mutant | -7/Data Miner Mutant | -6/Proximity Caves Skirmisher | -6/Factory Skirmisher | -6/Lower Caves Mutant | -6/Lower Caves Skirmisher | -6/Zion Mutant | -5/Proximity Caves Skirmisher | -5/Factory Mutant | -5/Extension Scavenger-Mutant | -5/Cetus Scavenger-Mutant | -5/Archives Scavenger-Skirmisher | -5/Hub_04(d) Scavenger-Skirmisher | -4/Factory Mutant | -4/Upper Caves Mutant | -4/Upper Caves Resources | -11 -10 -10 -9 -9 -8 -7 -7 -7 -7 -6 -6 -6 -6 -6 -5 -5 -5 -5 -5 -5 -4 -4 -4 ----------- Run | Yrd Mat Min Mat Min Mat Fac Low Low Dat Pro Fac Low Low Zio Pro Fac Ext Cet Arc Hub Fac Upp Upp Matter Collected 9312 | 344 12 71 264 212 1251 773 334 289 . 647 752 50 24 100 168 1240 1215 324 150 348 654 80 10 Remotely 4436 | . . . . . 1065 769 325 289 . 647 752 50 24 90 168 3 . . . . 254 . . Salvage Created 10549 | 179 94 132 592 115 1860 1114 353 63 . 379 778 . . . 50 1517 1894 110 89 395 835 . . Parts 550 | 11 13 3 46 10 116 56 10 3 . 28 39 . . . 7 68 72 5 3 29 31 . . Haulers Intercepted 7 | . . . 1 . 6 . . . . . . . . . . . . . . . . . . Recyclers Shooed 20 | . . . . . . 1 . . . . 8 . . . . 5 2 . . . 4 . . Parts Field Recycled . | . . . . . . . . . . . . . . . . . . . . . . . . Retrieved Matter . | . . . . . . . . . . . . . . . . . . . . . . . . Parts Self-Destructed 50 | . . . . . . . 6 11 . 26 . . . 2 5 . . . . . . . . Prevented 2 | . . . . . . . . . . 2 . . . . . . . . . . . . . Kills | -11 -10 -10 -9 -9 -8 -7 -7 -7 -7 -6 -6 -6 -6 -6 -5 -5 -5 -5 -5 -5 -4 -4 -4 ------- Run | Yrd Mat Min Mat Min Mat Fac Low Low Dat Pro Fac Low Low Zio Pro Fac Ext Cet Arc Hub Fac Upp Upp Combat Hostiles Destroyed 157 | . 2 4 12 5 28 19 6 1 . 7 9 . . . 4 18 30 1 1 5 5 . . Melee 6 | . . . 2 . . . . . . . . . . . . 4 . . . . . . . Guns 115 | . 1 4 2 3 28 19 6 1 . 6 9 . . . . 9 15 1 1 5 5 . . AOE 36 | . 1 . 8 2 . . . . . 1 . . . . 4 5 15 . . . . . . Classes Destroyed 19 | 2 4 1 5 . 2 2 1 . . 1 . . . . . . 1 . . . . . . Worker 12 | . . . 2 1 3 1 . . . . 1 . . . . 2 1 . . 1 . . . Builder 6 | . 1 . 3 . 1 . . . . . . . . . . . . . . 1 . . . Tunneler 9 | 5 . . . 1 . . . . . . 1 . . . . 2 . . . . . . . Hauler 7 | . . . 1 . 6 . . . . . . . . . . . . . . . . . . Recycler 20 | 1 . . 1 . 2 2 . . . . 2 . . . . 4 4 . . . 4 . . Mechanic 2 | . 1 . . . 1 . . . . . . . . . . . . . . . . . . Operator 4 | . . . 1 . 3 . . . . . . . . . . . . . . . . . . Watcher 16 | . 1 . 5 . 2 2 . . . . . . . . . 2 3 1 . . . . . Swarmer 39 | . . . 4 3 7 5 . . . . 1 . . . 4 5 10 . . . . . . Saboteur 1 | . . . . . . . . . . . . . . . . . 1 . . . . . . Grunt 57 | . 2 2 5 2 10 6 . . . 1 5 . . . . 3 16 . . 3 2 . . Brawler 3 | . . . . . 1 . . 1 . . 1 . . . . . . . . . . . . Duelist 2 | . . . . . . 2 . . . . . . . . . . . . . . . . . Sentry 16 | . . . 3 . 7 2 . . . . 1 . . . . . 2 . 1 . . . . Hunter 10 | . . . . . 3 1 . . . 2 . . . . . 2 . . . 2 . . . Programmer 17 | . . . . . . 3 . . . 3 1 . . . . 7 . . . . 3 . . Behemoth 3 | . . . . . . . . . . 1 . . . . . 1 1 . . . . . . Cetus Guard 1 | . . . . . . . . . . . . . . . . . . 1 . . . . . Assembled 2 | . . 2 . . . . . . . . . . . . . . . . . . . . . Thug 5 | . . . . . . . 5 . . . . . . . . . . . . . . . . Mutant 1 | . . . . . . . 1 . . . . . . . . . . . . . . . . Best Kill Streak 10 | 4 4 2 9 3 8 7 2 1 . 2 2 . . . 4 6 10 1 1 4 3 . . Combat Bots Only 9 | . 2 2 5 3 7 7 2 1 . 2 2 . . . 4 6 9 1 1 3 2 . . Max Kills in Single Turn 5 | 1 2 1 3 1 2 1 1 1 . 1 1 . . . 2 3 5 1 1 1 1 . . Gunslinging 1 | . . . . . 1 . . . . . . . . . . . . . . . . . . Exploded 4 | . 1 . 3 1 . . . . . 1 . . . . 2 3 4 . . . . . . Melee 1 | . . . 1 . . . . . . . . . . . . 1 . . . . . . . Uniques/NPCs Destroyed . | . . . . . . . . . . . . . . . . . . . . . . . . Combat | -11 -10 -10 -9 -9 -8 -7 -7 -7 -7 -6 -6 -6 -6 -6 -5 -5 -5 -5 -5 -5 -4 -4 -4 -------- Run | Yrd Mat Min Mat Min Mat Fac Low Low Dat Pro Fac Low Low Zio Pro Fac Ext Cet Arc Hub Fac Upp Upp Hostile Shots Fired 1499 | . 6 22 62 54 140 145 25 17 . 111 79 . . . 8 222 170 31 8 146 179 19 55 Missed 452 | . 2 5 18 16 40 37 7 3 . 24 29 . . . 2 61 61 12 3 37 61 10 24 Hits 1047 | . 4 17 44 38 100 108 18 14 . 87 50 . . . 6 161 109 19 5 109 118 9 31 Melee 28 | . . . . . 4 6 . 6 . . . . . . . . . . . . 12 . . Projectile 1019 | . 4 17 44 38 96 102 18 8 . 87 50 . . . 6 161 109 19 5 109 106 9 31 Critical Strikes 61 | . . 1 2 1 3 3 3 . . 2 3 . . . . 6 9 4 . 10 11 . 3 Actively Blocked 5 | . . . 1 . . . . . . 1 1 . . . . . . 2 . . . . . Part Disruptions 5 | . . . . . . . 2 . . . . . . . . . . . . 2 . 1 . Damage Taken 19915 | . 315 261 664 327 1392 1307 306 341 . 1632 749 10 . . 511 2819 2211 435 200 2825 2748 257 605 Core 2494 | . 68 55 94 45 127 29 11 40 . 94 98 . . . 39 234 107 . 26 261 507 155 504 Absorbed by Shields 746 | . . . . . . . . . . . . . . . . 365 341 40 . . . . . Redirected to Shielding 403 | . . 12 20 8 10 . . . . 155 55 . . . . . 101 42 . . . . . Ignored by Resistances 477 | . . . . . . 117 17 . . 331 . . . . . 12 . . . . . . . Regen/Repaired (Parts) 1628 | . . . . . 627 . . . . . . . . 1001 . . . . . . . . . Core Remaining (%) 69 | 100 . 50 . 65 76 . . . . 75 . . . . 83 . . . . 37 . . . Volleys Fired 776 | 18 11 17 34 23 125 80 27 10 . 43 82 1 . . 8 113 81 20 10 27 46 . . Largest 2 | 2 2 2 2 2 2 2 2 2 . 2 2 1 . . 1 2 2 2 2 2 2 . . Hottest 78 | 70 70 70 70 46 50 50 50 50 . 50 50 39 . . 39 66 78 56 63 70 70 . . Shots Fired 1491 | 36 22 34 55 38 245 163 57 22 . 83 148 1 . . 8 221 159 41 21 50 87 . . Gun 1446 | 36 22 34 43 30 245 163 57 22 . 81 148 . . . . 219 147 41 21 50 87 . . Cannon . | . . . . . . . . . . . . . . . . . . . . . . . . Launcher 45 | . . . 12 8 . . . . . 2 . 1 . . 8 2 12 . . . . . . Special . | . . . . . . . . . . . . . . . . . . . . . . . . Kinetic 1397 | 18 11 17 40 30 245 163 57 22 . 81 148 . . . . 219 147 41 21 50 87 . . Thermal 49 | 18 11 17 3 . . . . . . . . . . . . . . . . . . . . Explosive 45 | . . . 12 8 . . . . . 2 . 1 . . 8 2 12 . . . . . . Electromagnetic . | . . . . . . . . . . . . . . . . . . . . . . . . Robot Hit Streak 25 | 9 4 5 10 7 18 22 16 17 . 14 20 . . . 2 20 25 10 8 9 16 . . Robot Miss Streak 6 | 3 3 2 2 2 4 4 1 2 . 2 3 . . . 1 5 3 5 6 2 3 . . Penetration Max 1 | . . . . . . . . . . . . . . . . 1 1 1 1 1 1 . . Secondary Targets 9 | . . . . 1 2 1 . . . 2 . . . . . . 3 . . . . . . Max Gunslinging Chain 1 | . . . . 1 1 1 . . . 1 . . . . . . 1 . . . . . . Shots Hit Robots 1084 | 23 11 20 40 22 175 114 54 16 1 69 114 . . . 2 159 130 30 15 33 56 . . Core Hits 480 | 6 7 9 33 8 77 48 17 5 . 24 38 . . . 3 62 87 12 8 14 22 . . Critical Kills 10 | . . . . . . . . . . . . . . . . 2 3 1 1 . 3 . . Critical Parts Destroyed 19 | . . . . . . 1 . . . . . . . . . 2 3 2 1 . 10 . . Critical Strikes 40 | 1 1 1 3 . . 1 . . . . 1 . . . . 7 6 3 2 . 14 . . Burn 4 | 1 1 1 1 . . . . . . . . . . . . . . . . . . . . Destroy 31 | . . . . . . 1 . . . . 1 . . . . 4 6 3 2 . 14 . . Sever 5 | . . . 2 . . . . . . . . . . . . 3 . . . . . . . Melee Attacks 73 | . . . 6 . . 3 7 . 1 . 7 . . 1 1 27 7 . . 6 . 5 2 Impact 10 | . . . . . . 3 . . . . 7 . . . . . . . . . . . . Slashing 48 | . . . 6 . . . . . . . . . . 1 1 27 . . . 6 . 5 2 Piercing . | . . . . . . . . . . . . . . . . . . . . . . . . Sneak Attacks 16 | . . . . . . . 7 . 1 . 1 . . . . . 7 . . . . . . Combat Hostiles . | . . . . . . . . . . . . . . . . . . . . . . . . Follow-up Attacks 1 | . . . 1 . . . . . . . . . . . . . . . . . . . . Damage Inflicted 25892 | 310 409 253 1448 576 2942 2156 917 307 . 1302 2049 . . . 338 4205 4913 684 399 842 1842 . . Guns 20611 | 310 136 253 450 275 2938 2156 917 307 . 1117 1958 . . . . 3095 2933 684 399 842 1841 . . Cannons . | . . . . . . . . . . . . . . . . . . . . . . . . Explosions 4330 | . 273 . 819 301 . . . . . 185 . . . . 338 434 1980 . . . . . . Melee 886 | . . . 178 . . . . . . . 91 . . . . 617 . . . . . . . Ramming 65 | . . . 1 . 4 . . . . . . . . . . 59 . . . . 1 . . Kinetic 20243 | 164 62 129 426 275 2938 2156 917 307 . 1117 1958 . . . . 3095 2933 684 399 842 1841 . . Thermal 368 | 146 74 124 24 . . . . . . . . . . . . . . . . . . . . Explosive 4330 | . 273 . 819 301 . . . . . 185 . . . . 338 434 1980 . . . . . . Electromagnetic . | . . . . . . . . . . . . . . . . . . . . . . . . Impact 91 | . . . . . . . . . . . 91 . . . . . . . . . . . . Slashing 795 | . . . 178 . . . . . . . . . . . . 617 . . . . . . . Piercing . | . . . . . . . . . . . . . . . . . . . . . . . . Highest Corruption 89 | . . . . . . 3 3 6 6 29 . . . . 5 8 9 30 30 89 21 22 22 Average Corruption 9 | . . . . . . 1 3 5 6 6 . . . . 5 5 8 26 30 31 5 21 22 Corruption Purged . | . . . . . . . . . . . . . . . . . . . . . . . . Corruption Blocked . | . . . . . . . . . . . . . . . . . . . . . . . . Effects 399 | . . . . . . 9 35 56 8 40 . . . . 14 34 79 42 12 45 10 7 8 Message Errors 88 | . . . . . . . 10 15 2 12 . . . . 5 8 16 8 1 6 1 2 2 Matter Fused 95 | . . . . . . . 9 19 3 11 . . . . 3 7 15 11 2 9 3 2 1 Heat Flow Errors 45 | . . . . . . 2 3 5 1 5 . . . . 2 4 8 7 2 2 2 1 1 Energy Discharges 50 | . . . . . . . 4 5 1 6 . . . . 1 6 14 2 . 8 2 . 1 Parts Rejected 8 | . . . . . . 1 . 1 . . . . . . . . 3 . . 2 . 1 . Parts Fused 6 | . . . . . . 1 1 1 1 . . . . . . . 1 1 . . . . . Data Loss (minor) 40 | . . . . . . 2 2 6 . 1 . . . . . 4 12 4 1 6 . . 2 Data Loss (major) 25 | . . . . . . . 3 2 . 3 . . . . 3 1 3 4 1 3 1 1 . Misfires 16 | . . . . . . 3 3 2 . . . . . . . . 3 2 2 1 . . . Alerts 5 | . . . . . . . . . . 1 . . . . . 1 1 2 . . . . . Misdirections 7 | . . . . . . . . . . . . . . . . . . . 2 3 1 . 1 Weapon Failures 14 | . . . . . . . . . . 1 . . . . . 3 3 1 1 5 . . . Overload Shots . | . . . . . . . . . . . . . . . . . . . . . . . . Overflow Damage 220 | . 38 . 33 . . . . . . . 61 . . . 32 33 23 . . . . . . Projectiles . | . . . . . . . . . . . . . . . . . . . . . . . . Explosions 126 | . 38 . 33 . . . . . . . . . . . 32 . 23 . . . . . . Melee 94 | . . . . . . . . . . . 61 . . . . 33 . . . . . . . Knockbacks . | . . . . . . . . . . . . . . . . . . . . . . . . Impact . | . . . . . . . . . . . . . . . . . . . . . . . . Kinetic . | . . . . . . . . . . . . . . . . . . . . . . . . Secondary . | . . . . . . . . . . . . . . . . . . . . . . . . Self-Inflicted Damage 441 | . 270 . 41 . . . . . . . . 10 . . 106 . 14 . . . . . . Shots 11 | . 4 . 2 . . . . . . . . 1 . . 3 . 1 . . . . . . Rammed 7 | . . . 1 . . . . . . . . . . . . 5 . . . . 1 . . Targets Rammed 9 | . . . 1 . 1 . . . . . . . . . . 6 . . . . 1 . . Kicked . | . . . . . . . . . . . . . . . . . . . . . . . . Crushed 2 | . . . . . 1 . . . . . . . . . . 1 . . . . . . . Highest Temperature 290 | 90 60 168 22 4 117 233 258 268 130 224 67 9 . . 234 223 290 243 243 259 234 251 187 Average Temperature 46 | 32 18 59 3 1 31 36 53 69 107 42 27 9 . . 109 32 66 92 116 60 80 109 108 Received Heat Transfer 3226 | . 24 87 225 51 468 282 233 72 . 150 324 . . . . 267 499 . 18 189 235 . 102 Effects 4 | . . . . . . . 2 . . . . . . . . . . 1 . . 1 . . Energy Bleed 1 | . . . . . . . . . . . . . . . . . . 1 . . . . . Interference 3 | . . . . . . . 2 . . . . . . . . . . . . . 1 . . Siege Activations . | . . . . . . . . . . . . . . . . . . . . . . . . Martial Activations . | . . . . . . . . . . . . . . . . . . . . . . . . Shielding Activations . | . . . . . . . . . . . . . . . . . . . . . . . . Robots Disrupted . | . . . . . . . . . . . . . . . . . . . . . . . . Combat Hostiles . | . . . . . . . . . . . . . . . . . . . . . . . . Robots Corrupted . | . . . . . . . . . . . . . . . . . . . . . . . . Combat Hostiles . | . . . . . . . . . . . . . . . . . . . . . . . . Parts Fried 3 | . . . . . . . 1 . . . 2 . . . . . . . . . . . . Impact Corruptions 2 | . . . . . . . . . . . 2 . . . . . . . . . . . . Robots Melted . | . . . . . . . . . . . . . . . . . . . . . . . . Combat Hostiles . | . . . . . . . . . . . . . . . . . . . . . . . . Parts Melted 5 | 2 . 1 . . . . . . . . . . . . . . 2 . . . . . . Heat Transferred 1406 | 518 296 444 148 . . . . . . . . . . . . . . . . . . . . Parts Sabotaged 1 | . . . . . . . . . . . . . . . . . . . . . 1 . . Parts Stolen . | . . . . . . . . . . . . . . . . . . . . . . . . Parts Stripped . | . . . . . . . . . . . . . . . . . . . . . . . . Power Chain Reactions . | . . . . . . . . . . . . . . . . . . . . . . . . Alert | -11 -10 -10 -9 -9 -8 -7 -7 -7 -7 -6 -6 -6 -6 -6 -5 -5 -5 -5 -5 -5 -4 -4 -4 ------- Run | Yrd Mat Min Mat Min Mat Fac Low Low Dat Pro Fac Low Low Zio Pro Fac Ext Cet Arc Hub Fac Upp Upp Maximum Alert Level 4 | . . . 1 1 1 1 . . . . . . . . . 1 4 3 2 1 . . . Low Security (%) 80 | 100 100 100 92 96 80 99 . . . . 100 . . . . 85 62 . . 87 100 . . Level 1 11 | . . . 7 3 19 . . . . . . . . . . 14 21 . 89 12 . . . Level 2 7 | . . . . . . . . . . . . . . . . . 11 94 10 . . . . Level 3 . | . . . . . . . . . . . . . . . . . . 5 . . . . . Level 4 . | . . . . . . . . . . . . . . . . . 2 . . . . . . Level 5 . | . . . . . . . . . . . . . . . . . . . . . . . . High Security . | . . . . . . . . . . . . . . . . . . . . . . . . Max Security . | . . . . . . . . . . . . . . . . . . . . . . . . Peak Influence 1210 | 10 166 47 325 214 341 201 . . . . 155 . . . . 269 1210 763 407 238 63 . . Initial 675 | . . 47 . 126 . 148 . . . . . . . . . 30 124 675 300 121 63 . . Average 134 | 1 96 10 33 72 113 126 . . . . 36 . . . . 89 213 578 362 158 20 . . Influence Increases 7105 | 30 193 50 477 138 860 595 . 53 . 190 406 . . . 105 665 1960 514 189 403 277 . . Destroy 0b10 Robot/C 3820 | . 40 40 240 100 560 380 . 40 . 140 180 . . . 80 360 1080 240 80 160 100 . . Destroy 0b10 Robot/NC 405 | 30 15 . 65 10 90 25 . . . . 20 . . . . 50 50 10 . 20 20 . . Destroy Leader 766 | . 12 10 72 10 166 84 . 10 . 50 50 . . . 10 94 126 10 . 52 10 . . Allied During Kill 641 | . . . . . . . . 3 . . . . . . . . 344 185 65 44 . . . Successful Hack 141 | . . . 26 . 13 54 . . . . . . . . . . . 16 . . 32 . . Disable Machine 480 | . 105 . 15 . 15 . . . . . 75 . . . . 75 75 15 30 75 . . . Destroy Structure 507 | . 21 . 44 18 1 7 . . . . 6 . . . . 56 210 38 14 52 40 . . Partial Spotted 30 | . . . 15 . 15 . . . . . . . . . . . . . . . . . . Lose Combat Pursuer 315 | . . . . . . 45 . . . . 75 . . . 15 30 75 . . . 75 . . Influence Decreases 7105 | 30 70 173 152 463 533 766 156 53 . 190 263 143 . . 56 459 1009 969 591 622 398 9 . Entered New Map 1996 | . . 76 . 199 . 179 58 . . . . 53 . . . 19 131 531 451 228 67 4 . Time Decay 4325 | 30 60 97 132 254 502 577 98 53 . 170 233 90 . . 56 320 565 368 90 334 291 5 . Lost Part 463 | . 10 . 20 10 31 . . . . 20 30 . . . . 120 102 30 10 40 40 . . Lost Ally 321 | . . . . . . 10 . . . . . . . . . . 211 40 40 20 . . . Squads Dispatched 27 | . 2 . 1 . 3 5 . . . . 3 . . . . 5 3 . . 3 2 . . Investigation 1 | . . . . . . . . . . . . . . . . . . . . 1 . . . Extermination 11 | . . . . . . 4 . . . . 1 . . . . 3 . . . 1 2 . . Reinforcement 12 | . 2 . 1 . 2 . . . . . 2 . . . . 2 2 . . 1 . . . Assault 1 | . . . . . . . . . . . . . . . . . 1 . . . . . . Garrison 2 | . . . . . 1 1 . . . . . . . . . . . . . . . . . Intercept . | . . . . . . . . . . . . . . . . . . . . . . . . Searches Triggered . | . . . . . . . . . . . . . . . . . . . . . . . . Data Miner Redirects 1 | . . . . . . . . . . . . . . . . . . . . 1 . . . Construction Impeded 2 | . . . . . . . . . . . . . . . . 1 1 . . . . . . Haulers Reinforced 1 | . . . . . . . . . . . . . . . . 1 . . . . . . . Active Scanning Responses . | . . . . . . . . . . . . . . . . . . . . . . . . Cargo Convoy Interrupts 2 | . . . . . . . . . . . 1 . . . . . . . . . 1 . . Stealth | -11 -10 -10 -9 -9 -8 -7 -7 -7 -7 -6 -6 -6 -6 -6 -5 -5 -5 -5 -5 -5 -4 -4 -4 --------- Run | Yrd Mat Min Mat Min Mat Fac Low Low Dat Pro Fac Low Low Zio Pro Fac Ext Cet Arc Hub Fac Upp Upp Distress Signals 21 | . . . 3 . 7 . . . . . . . . . . . 5 2 . 1 3 . . Communications Jammed . | . . . . . . . . . . . . . . . . . . . . . . . . Distress Signals . | . . . . . . . . . . . . . . . . . . . . . . . . Times Spotted 347 | . 5 7 22 6 48 31 7 3 . 7 21 . . . 4 27 65 13 9 18 40 5 9 Peak Tracking Total 22 | . 3 7 6 4 5 6 4 3 . 2 6 . . . 4 5 13 5 2 6 22 5 9 Tactical Retreats 15 | . . 1 . . . 1 . . . . 3 . . . 1 2 4 . . . 3 . . Traps | -11 -10 -10 -9 -9 -8 -7 -7 -7 -7 -6 -6 -6 -6 -6 -5 -5 -5 -5 -5 -5 -4 -4 -4 ------- Run | Yrd Mat Min Mat Min Mat Fac Low Low Dat Pro Fac Low Low Zio Pro Fac Ext Cet Arc Hub Fac Upp Upp Traps Triggered 6 | . . . 1 . . 1 . . . . 2 . . . . . 1 . . . . 1 . Indirectly . | . . . . . . . . . . . . . . . . . . . . . . . . Trap Hack Attempts . | . . . . . . . . . . . . . . . . . . . . . . . . Triggered . | . . . . . . . . . . . . . . . . . . . . . . . . Disarmed . | . . . . . . . . . . . . . . . . . . . . . . . . Reprogrammed . | . . . . . . . . . . . . . . . . . . . . . . . . Reused . | . . . . . . . . . . . . . . . . . . . . . . . . Traps Extracted . | . . . . . . . . . . . . . . . . . . . . . . . . Installed . | . . . . . . . . . . . . . . . . . . . . . . . . Triggered . | . . . . . . . . . . . . . . . . . . . . . . . . Machines | -11 -10 -10 -9 -9 -8 -7 -7 -7 -7 -6 -6 -6 -6 -6 -5 -5 -5 -5 -5 -5 -4 -4 -4 ---------- Run | Yrd Mat Min Mat Min Mat Fac Low Low Dat Pro Fac Low Low Zio Pro Fac Ext Cet Arc Hub Fac Upp Upp Machines Disabled 37 | . 7 . 1 . 1 . . . . . 5 . . . . 5 9 1 2 5 . . 1 Max in Single Turn 2 | . 2 . 1 . 1 . . . . . 2 . . . . 1 2 1 1 1 . . 1 Garrison Access 2 | . . . . . 1 . . . . . . . . . . 1 . . . . . . . Network Hub 1 | . . . . . . . . . . . . . . . . . . . . 1 . . . Energy Cycler 2 | . . . . . . . . . . . . . . . . . 2 . . . . . . Machines Repaired . | . . . . . . . . . . . . . . . . . . . . . . . . Machines Dismantled 2 | . . . . . . . . . . . . . . . . . . 1 . 1 . . . Machines Sabotaged . | . . . . . . . . . . . . . . . . . . . . . . . . Overloaded Fab Kills . | . . . . . . . . . . . . . . . . . . . . . . . . Hacking | -11 -10 -10 -9 -9 -8 -7 -7 -7 -7 -6 -6 -6 -6 -6 -5 -5 -5 -5 -5 -5 -4 -4 -4 --------- Run | Yrd Mat Min Mat Min Mat Fac Low Low Dat Pro Fac Low Low Zio Pro Fac Ext Cet Arc Hub Fac Upp Upp Machines Accessed 41 | . . 1 4 . 7 9 . 1 4 . 3 . 1 1 . 2 . 1 . 4 3 . . Terminals 24 | . . . 4 . 5 6 . . . . 2 . . . . . . 1 . 4 2 . . Fabricators . | . . . . . . . . . . . . . . . . . . . . . . . . Repair Stations 3 | . . . . . 1 2 . . . . . . . . . . . . . . . . . Recycling Units 3 | . . . . . . . . . . . 1 . . . . 1 . . . . 1 . . Scanalyzers . | . . . . . . . . . . . . . . . . . . . . . . . . Garrison Access 3 | . . . . . 1 1 . . . . . . . . . 1 . . . . . . . Total Hacks 130 | . . 1 13 . 32 20 . 3 27 . 5 . 1 5 . 3 . 5 . 7 8 . . Successful 88 | . . 1 7 . 22 9 . 3 27 . 2 . 1 5 . 2 . 3 . 2 4 . . Failed 41 | . . . 5 . 10 11 . . . . 3 . . . . 1 . 2 . 5 4 . . Catastrophic 11 | . . . 1 . . 4 . . . . 1 . . . . . . 1 . 4 . . . Database Lockouts 1 | . . . 1 . . . . . . . . . . . . . . . . . . . . Manual 54 | . . . 13 . 17 14 . . . . 2 . . 1 . . . 1 . 4 2 . . Terminals 72 | . . . 13 . 20 16 . . . . 4 . . . . . . 5 . 7 7 . . Fabricators . | . . . . . . . . . . . . . . . . . . . . . . . . Repair Stations 14 | . . . . . 11 3 . . . . . . . . . . . . . . . . . Recycling Units 3 | . . . . . . . . . . . 1 . . . . 1 . . . . 1 . . Scanalyzers . | . . . . . . . . . . . . . . . . . . . . . . . . Garrison Access 4 | . . . . . 1 1 . . . . . . . . . 2 . . . . . . . Terminal Hacks 49 | . . 1 2 . 2 1 . 3 27 . 1 . 1 5 . . . 3 . . 3 . . Record 14 | . . . . . . . . 3 7 . 1 . . . . . . 3 . . . . . Part Schematic 15 | . . . . . . . . . 10 . . . . 5 . . . . . . . . . Robot Schematic 7 | . . . . . . . . . 7 . . . . . . . . . . . . . . Robot Analysis 2 | . . . 2 . . . . . . . . . . . . . . . . . . . . Prototype ID Bank 3 | . . . . . . . . . 3 . . . . . . . . . . . . . . Open Door 2 | . . 1 . . . . . . . . . . 1 . . . . . . . . . . Branch Access Points 2 | . . . . . . 1 . . . . . . . . . . . . . . 1 . . Emergency Access Points 1 | . . . . . 1 . . . . . . . . . . . . . . . . . . Repair Station Index 1 | . . . . . . . . . . . . . . . . . . . . . 1 . . Locate Traps 1 | . . . . . . . . . . . . . . . . . . . . . 1 . . Zone Layout 1 | . . . . . 1 . . . . . . . . . . . . . . . . . . Fabricator Hacks . | . . . . . . . . . . . . . . . . . . . . . . . . Repair Station Hacks 12 | . . . . . 11 1 . . . . . . . . . . . . . . . . . Scan Component 7 | . . . . . 6 1 . . . . . . . . . . . . . . . . . Repair 5 | . . . . . 5 . . . . . . . . . . . . . . . . . . Recycling Unit Hacks 3 | . . . . . . . . . . . 1 . . . . 1 . . . . 1 . . Report Inventory 1 | . . . . . . . . . . . 1 . . . . . . . . . . . . Retrieve Matter 2 | . . . . . . . . . . . . . . . . 1 . . . . 1 . . Scanalyzer . | . . . . . . . . . . . . . . . . . . . . . . . . Garrison Access Hacks 2 | . . . . . 1 . . . . . . . . . . 1 . . . . . . . Seal Access 2 | . . . . . 1 . . . . . . . . . . 1 . . . . . . . Unauthorized Hacks 22 | . . . 5 . 8 7 . . . . . . . . . . . . . 2 . . . Terminals 22 | . . . 5 . 8 7 . . . . . . . . . . . . . 2 . . . Assimilate 2 | . . . . . . 1 . . . . . . . . . . . . . 1 . . . Botnet 14 | . . . 4 . 5 4 . . . . . . . . . . . . . 1 . . . Skim 6 | . . . 1 . 3 2 . . . . . . . . . . . . . . . . . Fabricators . | . . . . . . . . . . . . . . . . . . . . . . . . Repair Stations . | . . . . . . . . . . . . . . . . . . . . . . . . Recycling Units . | . . . . . . . . . . . . . . . . . . . . . . . . Scanalyzers . | . . . . . . . . . . . . . . . . . . . . . . . . Garrison Access . | . . . . . . . . . . . . . . . . . . . . . . . . Data Cores Recovered 2 | . . . . . 1 . . . . . . . . . . . . . . 1 . . . Used 1 | . . . . . . . . . . . . . . . . . . . . 1 . . . Hacking Detections 27 | . . . 3 . 5 9 . . . . 3 . . . . 1 . 1 . 4 1 . . Full Trace Events 2 | . . . . . 1 . . . . . . . . . . . . . . 1 . . . Feedback Events . | . . . . . . . . . . . . . . . . . . . . . . . . Feedback Blocked . | . . . . . . . . . . . . . . . . . . . . . . . . Robot Schematics Acquired 11 | . . . . . . . . . 7 . . . . 4 . . . . . . . . . Robots Built . | . . . . . . . . . . . . . . . . . . . . . . . . Authchips . | . . . . . . . . . . . . . . . . . . . . . . . . Time . | . . . . . . . . . . . . . . . . . . . . . . . . Total Robot Build Rating . | . . . . . . . . . . . . . . . . . . . . . . . . Part Schematics Acquired 28 | . . . . . . . . . 10 . . . . 18 . . . . . . . . . Parts Built . | . . . . . . . . . . . . . . . . . . . . . . . . Authchips . | . . . . . . . . . . . . . . . . . . . . . . . . Time . | . . . . . . . . . . . . . . . . . . . . . . . . Total Part Build Rating . | . . . . . . . . . . . . . . . . . . . . . . . . Parts Repaired 5 | . . . . . 5 . . . . . . . . . . . . . . . . . . Time 190 | . . . . . 190 . . . . . . . . . . . . . . . . . . Parts Recycled . | . . . . . . . . . . . . . . . . . . . . . . . . Recycled Matter . | . . . . . . . . . . . . . . . . . . . . . . . . Retrieved Matter . | . . . . . . . . . . . . . . . . . . . . . . . . Retrieved Components . | . . . . . . . . . . . . . . . . . . . . . . . . Parts Scanalyzed . | . . . . . . . . . . . . . . . . . . . . . . . . Part Schematics Acquired . | . . . . . . . . . . . . . . . . . . . . . . . . Parts Damaged . | . . . . . . . . . . . . . . . . . . . . . . . . Bothacking | -11 -10 -10 -9 -9 -8 -7 -7 -7 -7 -6 -6 -6 -6 -6 -5 -5 -5 -5 -5 -5 -4 -4 -4 ------------ Run | Yrd Mat Min Mat Min Mat Fac Low Low Dat Pro Fac Low Low Zio Pro Fac Ext Cet Arc Hub Fac Upp Upp Used RIF Installer . | . . . . . . . . . . . . . . . . . . . . . . . . Robots Hacked 1 | . . . . . . . . . 1 . . . . . . . . . . . . . . Non-combat . | . . . . . . . . . . . . . . . . . . . . . . . . Combat 1 | . . . . . . . . . 1 . . . . . . . . . . . . . . Robot Hacks Applied 1 | . . . . . . . . . 1 . . . . . . . . . . . . . . parse_system 1 | . . . . . . . . . 1 . . . . . . . . . . . . . . Relay Couplers Released . | . . . . . . . . . . . . . . . . . . . . . . . . Fabnet Peak Effective % . | . . . . . . . . . . . . . . . . . . . . . . . . Robots Rewired 14 | . . . . . . . 2 . . . . . . . . . 12 . . . . . . Allies Hacked 1 | . . . . . . . . . . . . . . . . . 1 . . . . . . Hacks Repelled . | . . . . . . . . . . . . . . . . . . . . . . . . Allies | -11 -10 -10 -9 -9 -8 -7 -7 -7 -7 -6 -6 -6 -6 -6 -5 -5 -5 -5 -5 -5 -4 -4 -4 -------- Run | Yrd Mat Min Mat Min Mat Fac Low Low Dat Pro Fac Low Low Zio Pro Fac Ext Cet Arc Hub Fac Upp Upp Total Allies 25 | . . . . . . 1 2 . . . . . . . . . 17 5 . . . . . Largest Group 8 | . . . . . . 1 2 2 1 . . . . . . . 8 6 5 2 . . . Highest-Rated Group 639 | . . . . . . 10 62 62 31 . . . . . . . 268 639 543 192 . . . Highest-Rated Ally 159 | . . . . . . 10 31 31 31 . . . . . . . 159 159 159 96 . . . Total Orders 12 | . . . . . . . . 2 . . . . . . . 4 2 . . 4 . . . STAY 3 | . . . . . . . . 1 . . . . . . . . . . . 2 . . . FOLLOW 2 | . . . . . . . . 1 . . . . . . . . . . . 1 . . . RETURN 7 | . . . . . . . . . . . . . . . . 4 2 . . 1 . . . Ally Attacks 328 | . . . . . . . 8 13 . . . . . . . . 197 46 35 29 . . . Total Damage 7985 | . . . . . . . 168 144 . . . . . . . . 4007 1429 1036 1201 . . . Kills 52 | . . . . . . . 1 1 . . . . . . . . 28 13 3 6 . . . Allies Corrupted 1 | . . . . . . . . . . . . . . . . . 1 . . . . . . Allies Melted . | . . . . . . . . . . . . . . . . . . . . . . . . Intel | -11 -10 -10 -9 -9 -8 -7 -7 -7 -7 -6 -6 -6 -6 -6 -5 -5 -5 -5 -5 -5 -4 -4 -4 ------- Run | Yrd Mat Min Mat Min Mat Fac Low Low Dat Pro Fac Low Low Zio Pro Fac Ext Cet Arc Hub Fac Upp Upp Active Infowar (turns) 21621 | 135 60 . 1058 359 154 1862 2196 2000 223 1246 970 1069 454 1905 787 2372 2184 857 184 752 794 . . Optics 19855 | . . . . . . 1862 2196 2000 223 1246 970 1069 454 1905 787 2372 2184 857 184 752 794 . . Sensors 4400 | . . . . . . . . . . . . . . . . 2352 1287 . . . 761 . . Terrain 7439 | 34 . . . . . . . . . . 970 1069 454 1905 787 1314 . . . 656 250 . . Seismic 11124 | 101 60 . 1058 359 154 1149 804 2000 223 20 551 1069 454 1905 787 430 . . . . . . . Decoding 7102 | . . . . . . . . . . . . . . . . 2371 2184 857 184 752 754 . . Robot Analysis Total 2 | . . . 2 . . . . . . . . . . . . . . . . . . . . Derelict Logs Recovered 12 | . . . . 2 . . 3 1 . 1 . . 1 3 . . . . . . . 1 . Drone Launches 7 | . . . . . . . . . . . . . . . . 4 2 . . 1 . . . Drone Recoveries 7 | . . . . . . . . . . . . . . . . 4 2 . . 1 . . . Decoded 0b10 Intel 53 | . . . . . . . . . . . . . . . . 7 20 2 1 16 7 . . Traps 20 | . . . . . . . . . . . . . . . . . 13 . . 6 1 . . Emergency Access 26 | . . . . . . . . . . . . . . . . 6 6 . . 8 6 . . Exits 7 | . . . . . . . . . . . . . . . . 1 1 2 1 2 . . . Exploration | -11 -10 -10 -9 -9 -8 -7 -7 -7 -7 -6 -6 -6 -6 -6 -5 -5 -5 -5 -5 -5 -4 -4 -4 ------------- Run | Yrd Mat Min Mat Min Mat Fac Low Low Dat Pro Fac Low Low Zio Pro Fac Ext Cet Arc Hub Fac Upp Upp Turns Passed 25395 | 242 162 433 1079 826 2418 1862 2196 2000 223 1246 970 1069 454 1905 787 2372 2184 857 184 752 842 165 167 Spaces Moved 10599 | 110 80 238 505 477 758 649 849 783 88 455 320 432 185 761 309 823 724 264 91 359 517 419 403 Core 29 | 2 . . 5 . . . . . . . . . . . . . . . . . . . 22 Treads 9582 | 108 80 238 500 477 758 649 849 783 88 455 320 432 185 761 309 823 698 223 91 359 396 . . Legs . | . . . . . . . . . . . . . . . . . . . . . . . . Wheels 67 | . . . . . . . . . . . . . . . . . 26 41 . . . . . Hover . | . . . . . . . . . . . . . . . . . . . . . . . . Flight 921 | . . . . . . . . . . . . . . . . . . . . . 121 419 381 Fastest Speed 34 | 50 160 160 160 160 160 250 250 250 250 162 162 245 245 245 245 160 205 160 160 160 34 34 35 Average Speed 206 | 158 160 160 160 160 241 250 250 250 250 247 230 245 245 245 245 223 238 218 160 160 130 34 36 Slowest Speed 300 | 160 160 160 300 160 250 250 250 250 250 250 245 245 245 245 245 245 240 240 160 240 160 35 100 Overloaded Moves . | . . . . . . . . . . . . . . . . . . . . . . . . Propulsion Burnouts . | . . . . . . . . . . . . . . . . . . . . . . . . Robots Hopped 9 | . . . . . . . . . . . . . . . . . . . . . 8 1 . Potential Cave-ins . | . . . . . . . . . . . . . . . . . . . . . . . . Cave-ins Triggered 1 | . . . . . . . . . . . . . . . 1 . . . . . . . . Exploration Rate (%) 55 | 5 27 52 51 84 77 28 98 96 79 60 9 66 33 81 51 20 87 88 83 41 14 52 60 Regions Visited 23 Branch Regions 16 Pre-discovered Areas 3 | . . . . . . . . 1 1 1 . . . . . . . . . . . . . Known Exits Taken 10 | . . . . . 1 1 . . . . . . 1 . 1 1 1 1 1 1 1 . . Unknown Exits Taken 13 | 1 1 1 1 1 . . 1 1 1 1 1 1 . 1 . . . . . . . 1 . Scrap Searched 22 | . . . . 2 . . 3 4 . 1 . 3 2 4 . . . . . . . 2 1 Spaces Dug 127 | . . . 7 . . 3 . . . . 5 13 . . 70 7 . . . 5 11 5 1 Terrain Destroyed 476 | . 19 . 39 37 . 3 . . . 35 5 13 . . 143 23 101 3 3 17 29 5 1 Melee 27 | . . . . . . 3 . . . . 5 . . . 1 7 . . . 5 . 5 1 Projectile 58 | . . . . . . . . . . . . . . . . 8 3 3 3 12 29 . . AOE 391 | . 19 . 39 37 . . . . . 35 . 13 . . 142 8 98 . . . . . . Terrain Rammed . | . . . . . . . . . . . . . . . . . . . . . . . . Walls Destroyed . | . . . . . . . . . . . . . . . . . . . . . . . . Machines Disabled . | . . . . . . . . . . . . . . . . . . . . . . . . Actions | -11 -10 -10 -9 -9 -8 -7 -7 -7 -7 -6 -6 -6 -6 -6 -5 -5 -5 -5 -5 -5 -4 -4 -4 --------- Run | Yrd Mat Min Mat Min Mat Fac Low Low Dat Pro Fac Low Low Zio Pro Fac Ext Cet Arc Hub Fac Upp Upp Total 12875 | 138 92 256 706 504 1162 791 887 815 91 535 463 443 187 799 327 1160 1033 491 108 452 583 431 421 Wait 831 | . . . 124 . 201 30 1 14 . 12 20 4 . 14 6 129 67 157 4 24 8 . 16 Move 10559 | 109 79 237 504 476 757 648 848 782 87 454 319 431 184 760 308 822 723 263 90 358 501 416 403 Hop 9 | . . . . . . . . . . . . . . . . . . . . . 8 1 . Pick Up 124 | 1 1 2 16 1 24 6 . 3 . 3 9 5 1 8 . 15 11 12 . 1 3 2 . Fast Attach 58 | 7 1 . 4 1 13 3 . . . . 2 . . . . 4 6 7 . 2 4 4 . Attach 81 | . . . 5 . 2 2 1 3 1 14 6 . . 1 1 17 11 2 1 5 8 1 . Detach 21 | . . . 1 . 4 . . 2 . 2 1 1 . . . 3 1 1 . 2 1 2 . Swap 136 | 2 . . 9 2 10 11 2 1 2 6 14 1 1 10 3 22 17 2 3 16 2 . . Drop 73 | 1 . . 3 1 25 8 . . . 1 1 . 1 5 . 2 4 18 . 1 2 . . Fire 776 | 18 11 17 34 23 125 80 27 10 . 43 82 1 . . 8 113 81 20 10 27 46 . . Melee 72 | . . . 5 . . 3 7 . 1 . 7 . . 1 1 27 7 . . 6 . 5 2 Ram 1 | . . . 1 . . . . . . . . . . . . . . . . . . . . Kick . | . . . . . . . . . . . . . . . . . . . . . . . . Crush 7 | . . . . . 1 . . . . . . . . . . 6 . . . . . . . Escape Stasis 4 | . . . . . . . . . . . 2 . . . . . 2 . . . . . . Rewire 108 | . . . . . . . 1 . . . . . . . . . 103 . . 4 . . . Trap . | . . . . . . . . . . . . . . . . . . . . . . . . Miscellaneous 15 | . . . . . . . . . . . . . . . . . . 9 . 6 . . . Route ------- -11/Scrapyard -10/Materials -10/Mines -9/Materials (discovered 3 exits: *Mat x2 / [*Min]) -9/Mines (discovered 2 exits: *Mat x2) -8/Materials (discovered 2 exits: *Fac x2) -7/Factory (discovered 4 exits: *Sto x2 / *Low x2) -7/Lower Caves (discovered 2 exits: *Low / *Zio) -7/Lower Caves (discovered 2 exits: *Fac / *Dat) -7/Data Miner -6/Proximity Caves -6/Factory (discovered 2 exits: Fac / [*Low]) -6/Lower Caves -6/Lower Caves -6/Zion (discovered 2 exits: [Dee] / [*Pro]) -5/Proximity Caves -5/Factory (discovered 5 exits: Fac x4 / *Ext) -5/Extension (discovered 3 exits: *Fac x2 / *Cet) -5/Cetus (discovered 2 exits: *Fac / *Arc) -5/Archives (discovered 3 exits: *Fac / *Hub x2) -5/Hub_04(d) (discovered 3 exits: *Fac x3) -4/Factory (discovered 3 exits: *Upp x2 / Arm) -4/Upper Caves -4/Upper Caves (discovered 1 exit: [*Res]) History --------- Turn | Location | Event 12 | -11/Scrapyard | Discovered new exit (range 15) 243 | -11/Scrapyard | Entered Materials 301 | -10/Materials | Build established: Mutant 363 | -10/Materials | Discovered new exit (range 7) 405 | -10/Materials | Entered Mines 406 | -10/Mines | Assembled infested the area 411 | -10/Mines | Found the Drone Emporium 411 | -10/Mines | Assisted by a Guerilla fighting off Assembled 418 | -10/Mines | Found Prototype Device 817 | -10/Mines | Discovered new exit (range 10) 838 | -10/Mines | Entered Materials 838 | -9/Materials | Evolved 2 slots: Propulsion x1, Utility x1 1091 | -9/Materials | Lost 6 parts (1p2n3w) 1229 | -9/Materials | Discovered new exit (range 16) 1368 | -9/Materials | Build established: Scavenger-Mutant 1591 | -9/Materials | Discovered new exit (range 4) 1700 | -9/Materials | Central database locked down 1895 | -9/Materials | Discovered new exit (range 15) 1917 | -9/Materials | Entered Mines 1970 | -9/Mines | Met a Derelict bent on vengeance 2290 | -9/Mines | Discovered new exit (range 5) 2351 | -9/Mines | Learned Materials emergency access door positions 2359 | -9/Mines | Discovered new exit (range 9) 2743 | -9/Mines | Entered Materials 2743 | -8/Materials | Evolved 2 slots: Propulsion x1, Utility x1 2744 | -8/Materials | Identified exit to Factory 3005 | -8/Materials | Garrison activated, responded to threat 3307 | -8/Materials | Build established: Mutant 4465 | -8/Materials | Repaired Arm. Treads 4505 | -8/Materials | Repaired Arm. Treads 4544 | -8/Materials | Repaired Arm. Treads 4584 | -8/Materials | Repaired Hrd. Medium Armor Plating 4623 | -8/Materials | Repaired Arm. Treads 4731 | -8/Materials | Destroyed 7 combat bots 5106 | -8/Materials | Discovered exit to Factory (range 16) 5161 | -8/Materials | Entered Factory 5161 | -7/Factory | Evolved 2 slots: Utility x2 5579 | -7/Factory | Destroyed 7 combat bots 6064 | -7/Factory | Discovered new exit (range 11) 6206 | -7/Factory | Garrison activated, responded to threat 6791 | -7/Factory | Identified exit to Storage 6791 | -7/Factory | Identified exit to Lower Caves 7023 | -7/Factory | Entered Lower Caves 7178 | -7/Lower Caves | Learned Factory stockpile data 7475 | -7/Lower Caves | Found DCF Scrap (13 items) 7486 | -7/Lower Caves | Attacked by a faux Warlord 7719 | -7/Lower Caves | Learned Factory terminal intel 7728 | -7/Lower Caves | A Derelict revealed a hidden shortcut to a safe place 8053 | -7/Lower Caves | Encountered a Warlord checkpoint 8307 | -7/Lower Caves | Learned location of 1 exit from Factory 8627 | -7/Lower Caves | Discovered new exit (range 13) 9219 | -7/Lower Caves | Entered another Lower Caves area 9219 | -7/Lower Caves | Accompanied by 2 allies 9324 | -7/Lower Caves | Discovered new exit (range 8) 9505 | -7/Lower Caves | Learned location of Zion (-6) 10085 | -7/Lower Caves | Encountered a Warlord checkpoint 11065 | -7/Lower Caves | Discovered new exit (range 18) 11180 | -7/Lower Caves | Learned Research stockpile data 11180 | -7/Lower Caves | Learned Extension terminal intel 11219 | -7/Lower Caves | Entered Data Miner 11219 | -7/Data Miner | Accompanied by 1 ally 11219 | -7/Data Miner | Discovered new exit (range 6) 11257 | -7/Data Miner | Met Data Miner 11342 | -7/Data Miner | Learned location of Section 7 (-3) 11342 | -7/Data Miner | Acquired the access code to Warlord's prototype stash 11382 | -7/Data Miner | Received God Mode back door access code from Data Miner 11442 | -7/Data Miner | Entered Proximity Caves 11442 | -6/Proximity Caves | Accompanied by 1 ally 11493 | -6/Proximity Caves | Lost 5 parts (2n3u) 11757 | -6/Proximity Caves | Spotted B-75 Beast 11808 | -6/Proximity Caves | Destroyed B-75 Beast 11824 | -6/Proximity Caves | Lost 6 parts (1p1n2u2w) 12500 | -6/Proximity Caves | Discovered new exit (range 9) 12539 | -6/Proximity Caves | Received a Behemoth hack from an annoying Tinkerer 12686 | -6/Proximity Caves | System corruption reached 10% 12688 | -6/Proximity Caves | Entered Factory 12688 | -6/Factory | Evolved 2 slots: Utility x2 12689 | -6/Factory | Identified exit to Factory 12691 | -6/Factory | Loaded intel: 26 terminal locations 13406 | -6/Factory | Discovered new exit (range 11) 13643 | -6/Factory | Build established: Skirmisher 13658 | -6/Factory | Cargo convoy interrupted 13658 | -6/Factory | Entered Lower Caves 14579 | -6/Lower Caves | Discovered new exit (range 15) 14604 | -6/Lower Caves | Build established: Mutant 14727 | -6/Lower Caves | Entered another Lower Caves area 14769 | -6/Lower Caves | Identified exit to Zion 15181 | -6/Lower Caves | Entered Zion 15243 | -6/Zion | Discovered new exit (range 19) 15370 | -6/Zion | Found Prototype Device 15371 | -6/Zion | Identified Mobile Refinery Mk. CCLXVII 15654 | -6/Zion | Learned Factory garrison access intel 15689 | -6/Zion | Learned Factory trap positions 15921 | -6/Zion | Visited the Megawrench Repair Shop 15939 | -6/Zion | Megawrench repaired 10 parts 16212 | -6/Zion | Discovered new exit (range 15) 16239 | -6/Zion | Build established: Skirmisher 16330 | -6/Zion | Received a visual enhancement algorithm 16332 | -6/Zion | Ran a visual enhancement algorithm 16410 | -6/Zion | Given A8's code to call for help 16542 | -6/Zion | Learned location of 1 exit from Factory 16687 | -6/Zion | Given the Hacking Drone Bay 16692 | -6/Zion | Found Prototype Device 16864 | -6/Zion | Build established: Assassin 17086 | -6/Zion | Entered Proximity Caves 17220 | -5/Proximity Caves | Build established: Skirmisher 17270 | -5/Proximity Caves | Crushed by falling debris 17570 | -5/Proximity Caves | Build established: Mutant 17759 | -5/Proximity Caves | Discovered exit to Factory (range 14) 17873 | -5/Proximity Caves | Entered Factory 17873 | -5/Factory | Evolved 2 slots: Utility x2 17874 | -5/Factory | Identified exit to Factory 17875 | -5/Factory | Loaded intel: 104 trap records 17876 | -5/Factory | Loaded intel: 4 garrison access locations 18171 | -5/Factory | Build established: Skirmisher 18732 | -5/Factory | Identified Hacking Drone Bay 18951 | -5/Factory | Spotted B-75 Beast 18995 | -5/Factory | Destroyed B-75 Beast 19234 | -5/Factory | Lost 3 parts (2u1w) 19292 | -5/Factory | Lost 4 parts (3n1w) 19475 | -5/Factory | Build established: Assassin 19728 | -5/Factory | Identified exit to Extension 20245 | -5/Factory | Entered Extension 20246 | -5/Extension | Loaded intel: 10 terminal locations 20345 | -5/Extension | Disrupted transfer network 20474 | -5/Extension | Rescued a captive Derelict 20582 | -5/Extension | Rescued a captive Derelict 20583 | -5/Extension | Rescued a captive Derelict 20663 | -5/Extension | Lost 3 parts (3n) 20827 | -5/Extension | Lost 4 allies 20919 | -5/Extension | Build established: Scavenger-Skirmisher 21312 | -5/Extension | Build established: Commander-Skirmisher 21516 | -5/Extension | Spotted B-75 Beast 21541 | -5/Extension | Spotted B-75 Beast 21541 | -5/Extension | Destroyed B-75 Beast 21573 | -5/Extension | Allies destroyed B-75 Beast 21584 | -5/Extension | Lost 3 parts (3u) 21637 | -5/Extension | Lost 5 allies 21890 | -5/Extension | Build established: Mutant 22116 | -5/Extension | Rescued a captive Derelict 22142 | -5/Extension | Rescued A7 22145 | -5/Extension | Energy Cycler disabled 22301 | -5/Extension | Identified exit to Cetus 22345 | -5/Extension | First assault squad dispatched 22358 | -5/Extension | Disrupted transfer network 22387 | -5/Extension | Destroyed 9 combat bots 22394 | -5/Extension | Lost 4 parts (3n1u) 22429 | -5/Extension | Entered Cetus 22429 | -5/Cetus | Accompanied by 3 allies (A7) 22434 | -5/Cetus | Acquired a Cetus Manufacturing Module code from A7 22452 | -5/Cetus | Spotted Cetus Guard 22453 | -5/Cetus | Spotted Cetus Guard 22455 | -5/Cetus | Spotted Cetus Guard 22460 | -5/Cetus | Allies destroyed Cetus Guard 22472 | -5/Cetus | Allies destroyed Cetus Guard 22472 | -5/Cetus | Spotted Cetus Guard 22487 | -5/Cetus | Allies destroyed Cetus Guard 22499 | -5/Cetus | Allies destroyed Cetus Guard 22513 | -5/Cetus | Lost 3 parts (1p2u) 22552 | -5/Cetus | System corruption reached 10% 22566 | -5/Cetus | System corruption reached 30% 22709 | -5/Cetus | Started Cetus Manufacturing Module 22734 | -5/Cetus | Manufactured an Enhanced Grunt 22759 | -5/Cetus | Manufactured an Enhanced Grunt 22784 | -5/Cetus | Manufactured an Enhanced Grunt 22800 | -5/Cetus | Build established: Scavenger-Mutant 22809 | -5/Cetus | Manufactured an Enhanced Grunt 22834 | -5/Cetus | Manufactured an Enhanced Grunt 23003 | -5/Cetus | Escorted A7 to Cetus Mainframe 23045 | -5/Cetus | Identified exit to Archives 23122 | -5/Cetus | Spotted Cetus Guard 23124 | -5/Cetus | Spotted Cetus Guard 23124 | -5/Cetus | Destroyed Cetus Guard 23124 | -5/Cetus | Spotted Cetus Guard 23128 | -5/Cetus | Spotted Cetus Guard 23130 | -5/Cetus | Allies destroyed Cetus Guard 23135 | -5/Cetus | Allies destroyed Cetus Guard 23136 | -5/Cetus | Allies destroyed Cetus Guard 23171 | -5/Cetus | Met Revision 17 23179 | -5/Cetus | Security sweep announced 23286 | -5/Cetus | Entered Archives 23286 | -5/Archives | Accompanied by 5 allies (A7) 23291 | -5/Archives | Received a hacking code to weaken MAIN.C 23342 | -5/Archives | Identified exit to Hub_04(d) 23380 | -5/Archives | Unable to access archive contents 23384 | -5/Archives | Discovered exit to Factory (range 16) 23396 | -5/Archives | Unable to access archive contents 23402 | -5/Archives | Discovered exit to Hub_04(d) (range 14) 23470 | -5/Archives | Entered Hub_04(d) 23470 | -5/Hub_04(d) | Accompanied by 2 allies 23613 | -5/Hub_04(d) | Discovered exit to Factory (range 20) 23868 | -5/Hub_04(d) | Incoming investigation squad redirected 24057 | -5/Hub_04(d) | Network Hub disabled 24101 | -5/Hub_04(d) | Core integrity fell below 50% 24120 | -5/Hub_04(d) | Spotted Lightning 24125 | -5/Hub_04(d) | Spotted Lightning 24126 | -5/Hub_04(d) | Spotted Lightning 24222 | -5/Hub_04(d) | Entered Factory 24222 | -4/Factory | Evolved 2 slots: Propulsion x2 24248 | -4/Factory | Lost 3 parts (1p1u1w) 24457 | -4/Factory | Spotted B-86 Titan 24505 | -4/Factory | Build established: Scavenger-Skirmisher 24984 | -4/Factory | Cargo convoy interrupted 24984 | -4/Factory | Spotted Striker 24984 | -4/Factory | Spotted Striker 24995 | -4/Factory | System corruption reached 10% 25016 | -4/Factory | Released all parts (14) 25033 | -4/Factory | Identified exit to Upper Caves 25033 | -4/Factory | Identified exit to Armory 25046 | -4/Factory | Lost 4 parts (1n1u2w) 25064 | -4/Factory | Entered Upper Caves 25094 | -4/Upper Caves | Encountered a Warlord checkpoint 25166 | -4/Upper Caves | Learned Research stockpile data 25188 | -4/Upper Caves | Spotted B-86 Titan 25202 | -4/Upper Caves | Core integrity fell below 50% 25222 | -4/Upper Caves | Discovered new exit (range 14) 25229 | -4/Upper Caves | Entered another Upper Caves area 25234 | -4/Upper Caves | Discovered new exit (range 15) 25284 | -4/Upper Caves | Build established: Mutant 25351 | -4/Upper Caves | Acquired the password to a Derelict Tinkerer's latest research 25387 | -4/Upper Caves | Caught by Unaware searching for contraband prototypes 25388 | -4/Upper Caves | Core integrity fell below 20% 25390 | -4/Upper Caves | Caught by Unaware searching for contraband prototypes 25396 | -4/Upper Caves | Destroyed by H-66 Slayer with Gauss Rifle Last Messages --------------- and get as far away from here as you can. Quickly!" 25351_ 7F-49E(c): "The password is \\GXHL." 25354_ Machine disabled. 25362_ 7F-49E(c): "Keep that thing out of their hands!" 25362_ 7F-49E(c) destroyed. 25371_ %0QNWLPAD OK8QMTBWV SCVXIA5 RTC 25376_ PUBLIC SERVICE ANNOUNCEMENT: Unaware incursion detected. Likely classification: Search and Destroy. And maybe Retrieve. Something like that, yeah. 25384_ Cesium-ion Thruster destroyed. 25387_ X-62 Marksman: "CONFIRMED SUSPICIOUS DERELICT. COMMENCE PROTOTYPE CONTRABAND SEARCH." 25387_ Phasing Sabre destroyed. 25387_ Critical hit (Burn: +37). 25390_ P-70 Sage: "CONFIRMED SUSPICIOUS DERELICT. COMMENCE PROTOTYPE CONTRABAND SEARCH." 25392_ Slug penetrates Wall. 25393_ Penetrated by Slug. 25393_ Slug penetrates H-66 Slayer. 25393_ Penetrated by Slug. Map ----- +----------------------------------------------------+ | ?????????????????????????????????????????????????? | | ?????????????????????????????????????????????????? | | ?????????????????????????????????????????????????? | | ?????????????????????????????????????????????????? | | ?????????????????????????????????????????????????? | | ?????????????????????????????????????????????????? | | ????????????????##???????????????#####???????????? | | ????????????????# #######????##### ####????????? | | ????????????##??# ## ###### ## #????????? | | ???????????## #??# ##????????? | | ??????????## ### ###?????????? | | ??????????# ## ###???????????? | | ??????????# ## ## ##?????????????? | | ??????????# ########## ##??????????????? | | ??????????## ##????????## ##???????????????? | | ???????????#### ##??????????###????????????????? | | ??????????????# ##?????????????????????????????? | | ?????????????## #?????????????????????????????? | | ????????????## ##????????????????????????????? | | ???????????## ##???????????????????????????? | | ???????????# #????? #??#?????????????????? | | ???????????# ###????? ## #?????????????????? | | ???????????# ######??? #?????????????????? | | ???????????## ### ##?# #?????????????????? | | ????????????## ##?# ## ##????????????????? | | ?????????????# ##?# @ #####????????????? | | ?????????????# #?# #????##????? | | ???????????### ### ##### ##???? | | ??????????##" xp ###### #???? | | ??????????# ## ##?## #????? | | ???????##"# ## x ## ### ###????? | | ???????#X #h ## ##??????? | | ???????#"" h #???????? | | ???????##""!#= ##??????? | | ????????####%* #??????? | | ???????????#! ## ## #??????? | | ???????????# ### ### ### #??????? | | ???????????# ##?####?# ##?# #??????? | | ???????????# ##??????## ####??# ######## | | ???????????# ####????## #?????# | | ???????????## #?????#### ####??########## | | ????????????# ##????????## ###?????????# | | ????????????## #####??????????# #?????????## | | ?????????????###??????????????## ##??????????? | | ???????????????????????????????#######???????????? | | ?????????????????????????????????????????????????? | | ?????????????????????????????????????????????????? | | ?????????????????????????????????????????????????? | | ?????????????????????????????????????????????????? | | ?????????????????????????????????????????????????? | +----------------------------------------------------+ Best States ------------- Heat Dissipation 45 Energy Generation 25 Energy Capacity 350 Matter Stores 300 Matter Capacity 300 Sight Range 20 Robot Scan Range 15 Terrain Scan Range 16 Terrain Scan Density 210 Armor Coverage 675 Resistance: KI 30 Resistance: TH 10 Core Shielding 20 Propulsion Shielding 33 Utility Shielding 66 Weapon Shielding 66 Weapon Cycling 30 Evasion (%) 63 Targeting Accuracy 8 Recoil Reduction 6 Kinecelleration 40 Salvage Targeting 4 Defensive Hacking 11 Item Schematics ----------------- Combat Drone Bay | -7/Data Miner | Free Lgt. Regenerative Plating | -7/Data Miner | Free Biomechanical Wings | -7/Data Miner | Free Exp. Utility Shielding | -7/Data Miner | Free Force Rifle | -7/Data Miner | Free Thunder Leg | -7/Data Miner | Free Imp. Transmission Jammer | -7/Data Miner | Free Mass Driver | -7/Data Miner | Free Enh. Gauss Cannon | -7/Data Miner | Free Adv. Hardlight Generator | -7/Data Miner | Free Riot Gun | -6/Zion | Free Flamer | -6/Zion | Free Hvy. Riot Gun | -6/Zion | Free Slug Cannon | -6/Zion | Free Enh. Flamer | -6/Zion | Free Adv. Heat Sink | -6/Zion | Archive Tesla Rifle | -6/Zion | Archive Remote Force Field | -6/Zion | Archive Nuclear Pulse Thruster | -6/Zion | Archive Thermal Shield | -6/Zion | Archive Adv. Coolant Injector | -6/Zion | Archive Phase Gun | -6/Zion | Archive Thermic Laser | -6/Zion | Archive Cloaking Device | -6/Zion | Archive Hvy. Phase Cannon | -6/Zion | Archive Fission Core | -6/Zion | Archive Imp. Component Analysis Suite | -6/Zion | Archive Imp. Medium Treads | -6/Zion | Archive Robot Schematics ------------------ H-55 Commando | -7/Data Miner | Free B-48 Gladiator | -7/Data Miner | Free O-24 Administrator | -7/Data Miner | Free S-27 Virus | -7/Data Miner | Free Y-54 Guardian | -7/Data Miner | Free A-15 Conveyor | -7/Data Miner | Free G-50 Soldier | -7/Data Miner | Free R-10 Processor | -6/Zion | Archive E-15 Imp | -6/Zion | Archive R-06 Scavenger | -6/Zion | Archive X-82 Rainmaker | -6/Zion | Archive Fabricated ------------ Nothing Repaired ---------- Arm. Treads | 52% | -8/Materials Arm. Treads | 55% | -8/Materials Arm. Treads | 59% | -8/Materials Hrd. Medium Armor Plating | 40% | -8/Materials Arm. Treads | 71% | -8/Materials Alien Tech Used ----------------- None Achievements -------------- None Challenges ------------ None Game ------ Seed TargetingGravitonGreatsword Manual? 0 Play Time 03:43:23 Cumulative 225.7 hours Start 2025.05.30 @ 22:31:37 End 2025.05.31 @ 18:25:09 Sessions 3 Manual Loads 0 Difficulty Rogue Special Mode None Game No. 166 Rogue 166 Adventurer 0 Explorer 0 Win Type - Total 8 Types 7/0/1/0/0/0/0/0/0/0 Lore% 55 Gallery% 59 Achievement% 59 Wizard Run 0 Options --------- Layout 0 ASCII 0 Keyboard 1 Movement Numpad Keybinds 0 Fullscreen 2 Font 24/Smallcaps Map View 76x50 Zoom Use 0% Tactical HUD 1 Map Filters NONE Filters NONE Steam 1 RUN: de635e73-c26b-4cd1-ab99-21454fcb0146